| TOP OF THE 1ST |
|
Elizabethton Twins batting - Pitching for Detroit (APP) Tigers : RHP Jared Barger
|
|
Pitching: RHP Jared Barger
|
|
|
Batting: RHB Caleb Bockmann
|
0-0: Ball 1-0: Fly out, F9 (Flyball, 89M, EV 80.0 MPH)
|
|
Batting: LHB Tomas Espino
|
0-0: Foul Ball, location: 2F 0-1: Foul Ball, location: 2F 0-2: Ball 1-2: Strikes out swinging
|
|
Batting: RHB Kevin Harris
|
0-0: Called Strike 0-1: Ball 1-1: Ball 2-1: Called Strike 2-2: Ball 3-2: Fly out, F8 (Flyball, 8LD, EV 96.2 MPH)
|
| Top of the 1st over - 0 runs, 0 hits, 0 errors, 0 left on base; Elizabethton 0 - Detroit (APP) 0 |
| BOTTOM OF THE 1ST |
|
Detroit (APP) Tigers batting - Pitching for Elizabethton Twins : RHP Ruben Calderon
|
|
Pitching: RHP Ruben Calderon
|
|
|
Batting: LHB Timotheus Young
|
0-0: Ball 1-0: Foul Ball, location: 2F 1-1: Ball 2-1: Called Strike 2-2: Foul Ball, location: 2F 2-2: Ball 3-2: Foul Ball, location: 2F 3-2: Foul Ball, location: 2F 3-2: Strikes out swinging
|
|
Batting: RHB Norm Wood
|
0-0: Called Strike 0-1: Ball 1-1: Foul Ball, location: 2F 1-2: Foul Ball, location: 2F 1-2: Foul Ball, location: 2F 1-2: Ground out 6-3 (Groundball, 6M, EV 108.1 MPH)
|
|
Batting: LHB Afanasy Zasekin
|
0-0: Fly out, F8 (Flyball, 8LD, EV 100.6 MPH)
|
| Bottom of the 1st over - 0 runs, 0 hits, 0 errors, 0 left on base; Elizabethton 0 - Detroit (APP) 0 |
| TOP OF THE 2ND |
|
Elizabethton Twins batting - Pitching for Detroit (APP) Tigers : RHP Jared Barger
|
|
Batting: LHB Brian Wagner
|
0-0: Ball 1-0: Called Strike 1-1: Foul Ball, location: 2F 1-2: Strikes out swinging
|
|
Batting: LHB Hector Olvera
|
0-0: Called Strike 0-1: Called Strike 0-2: Ball 1-2: Strikes out looking
|
|
Batting: RHB David McClellan
|
0-0: Ball 1-0: Foul Ball, location: 2F 1-1: Ball 2-1: Ball 3-1: Ground out 5-3 (Groundball, 56S, EV 92.5 MPH)
|
| Top of the 2nd over - 0 runs, 0 hits, 0 errors, 0 left on base; Elizabethton 0 - Detroit (APP) 0 |
| BOTTOM OF THE 2ND |
|
Detroit (APP) Tigers batting - Pitching for Elizabethton Twins : RHP Ruben Calderon
|
|
Batting: RHB German Quiroga
|
0-0: Ground out 5-3 (Groundball, 56S, EV 73.8 MPH)
|
|
Batting: RHB Kevin Steed
|
0-0: Ball 1-0: Ball 2-0: Ball 3-0: Called Strike 3-1: SOLO HOME RUN (Flyball, 89XD, EV 105.0 MPH), Distance : 410 ft
|
|
Batting: RHB Juan Acero
|
0-0: Ball 1-0: Ball 2-0: Called Strike 2-1: Ball 3-1: Foul Ball, location: 2F 3-2: Base on Balls
|
|
Batting: RHB Nate Dabney
|
0-0: Ball Juan Acero is caught stealing 2nd base 2-4 1-0: Ball 2-0: Foul Ball, location: 2F 2-1: Ball 3-1: Foul Ball, location: 2F 3-2: Base on Balls
|
|
Batting: RHB Yasutaka Yamasaki
|
0-0: Fielders Choice at 2nd, 6-4 (Groundball, 6, EV 84.4 MPH)
|
| Bottom of the 2nd over - 1 run, 1 hit, 0 errors, 1 left on base; Elizabethton 0 - Detroit (APP) 1 |
| TOP OF THE 3RD |
|
Elizabethton Twins batting - Pitching for Detroit (APP) Tigers : RHP Jared Barger
|
|
Batting: RHB Steve Terrell
|
0-0: Ball 1-0: Swinging Strike 1-1: Fly out, F9 (Flyball, 9LSF, EV 90.6 MPH)
|
|
Batting: LHB Marvin Shepherd
|
0-0: Ball 1-0: Foul Ball, location: 2F 1-1: Foul Ball, location: 2F 1-2: Strikes out swinging
|
|
Batting: RHB Ton van Dijk
|
0-0: Called Strike 0-1: Called Strike 0-2: Strikes out swinging
|
| Top of the 3rd over - 0 runs, 0 hits, 0 errors, 0 left on base; Elizabethton 0 - Detroit (APP) 1 |
| BOTTOM OF THE 3RD |
|
Detroit (APP) Tigers batting - Pitching for Elizabethton Twins : RHP Ruben Calderon
|
|
Batting: RHB Carlos Avila
|
0-0: Swinging Strike 0-1: Foul Ball, location: 2F 0-2: Strikes out swinging
|
|
Batting: LHB Timotheus Young
|
0-0: Called Strike 0-1: Ball 1-1: Fly out, F9 (Flyball, 9LD, EV 108.8 MPH)
|
|
Batting: RHB Norm Wood
|
0-0: Called Strike 0-1: Fly out, F7 (Flyball, 78D, EV 88.8 MPH)
|
| Bottom of the 3rd over - 0 runs, 0 hits, 0 errors, 0 left on base; Elizabethton 0 - Detroit (APP) 1 |
| TOP OF THE 4TH |
|
Elizabethton Twins batting - Pitching for Detroit (APP) Tigers : RHP Jared Barger
|
|
Batting: RHB Caleb Bockmann
|
0-0: Called Strike 0-1: Ball 1-1: SOLO HOME RUN (Flyball, 7LD, EV 91.9 MPH), Distance : 336 ft
|
|
Batting: LHB Tomas Espino
|
0-0: Foul Ball, location: 2F 0-1: Foul Ball, location: 2F 0-2: Ground out 4-3 (Groundball, 4, EV 86.9 MPH)
|
|
Batting: RHB Kevin Harris
|
0-0: Ball 1-0: Foul Ball, location: 2F 1-1: Foul Ball, location: 2F 1-2: SINGLE (Groundball, 34D, EV 100.6 MPH)
|
|
Batting: LHB Brian Wagner
|
0-0: Ball 1-0: Ball 2-0: Foul Ball, location: 2F 2-1: Called Strike Kevin Harris is caught stealing 2nd base 2-6 2-2: Ball 3-2: Foul Ball, location: 2F 3-2: Base on Balls
|
|
Batting: LHB Hector Olvera
|
0-0: Fly out, F7 (Line Drive, 7, EV 94.4 MPH)
|
| Top of the 4th over - 1 run, 2 hits, 0 errors, 1 left on base; Elizabethton 1 - Detroit (APP) 1 |
| BOTTOM OF THE 4TH |
|
Detroit (APP) Tigers batting - Pitching for Elizabethton Twins : RHP Ruben Calderon
|
|
Batting: LHB Afanasy Zasekin
|
0-0: Called Strike 0-1: Foul Ball, location: 2F 0-2: Fly out, F9 (Flyball, 89S, EV 89.4 MPH)
|
|
Batting: RHB German Quiroga
|
0-0: Ground out 4-3 (Groundball, 4, EV 83.8 MPH)
|
|
Batting: RHB Kevin Steed
|
0-0: Called Strike 0-1: Called Strike 0-2: Foul Ball, location: 2F 0-2: Ball 1-2: Strikes out swinging
|
| Bottom of the 4th over - 0 runs, 0 hits, 0 errors, 0 left on base; Elizabethton 1 - Detroit (APP) 1 |
| TOP OF THE 5TH |
|
Elizabethton Twins batting - Pitching for Detroit (APP) Tigers : RHP Jared Barger
|
|
Batting: RHB David McClellan
|
0-0: Foul Ball, location: 2F 0-1: Ground out 1-3 (Groundball, 15, EV 65.6 MPH)
|
|
Batting: RHB Steve Terrell
|
0-0: Called Strike 0-1: Foul Ball, location: 2F 0-2: Ground out 4-3 (Groundball, 4, EV 105.6 MPH)
|
|
Batting: LHB Marvin Shepherd
|
0-0: Called Strike 0-1: SINGLE (Groundball, 3S, EV 62.5 MPH) (infield hit)
|
|
Batting: RHB Ton van Dijk
|
0-0: Ball 1-0: Ball 2-0: Foul Ball, location: 2F 2-1: Fly out, F6 (Line Drive, 56, EV 72.5 MPH)
|
| Top of the 5th over - 0 runs, 1 hit, 0 errors, 1 left on base; Elizabethton 1 - Detroit (APP) 1 |
| BOTTOM OF THE 5TH |
|
Detroit (APP) Tigers batting - Pitching for Elizabethton Twins : RHP Ruben Calderon
|
|
Batting: RHB Juan Acero
|
0-0: Called Strike 0-1: Foul Ball, location: 2F 0-2: Fly out, F8 (Flyball, 8RD, EV 94.4 MPH)
|
|
Batting: RHB Nate Dabney
|
0-0: Ground out 5-3 (Groundball, 56, EV 88.8 MPH)
|
|
Batting: RHB Yasutaka Yamasaki
|
0-0: Foul Ball, location: 2F 0-1: Ball 1-1: Ball 2-1: Foul Ball, location: 2F 2-2: Foul Ball, location: 2F 2-2: Strikes out looking
|
| Bottom of the 5th over - 0 runs, 0 hits, 0 errors, 0 left on base; Elizabethton 1 - Detroit (APP) 1 |
| TOP OF THE 6TH |
|
Elizabethton Twins batting - Pitching for Detroit (APP) Tigers : RHP Jared Barger
|
|
Batting: RHB Caleb Bockmann
|
0-0: Ball 1-0: Ball 2-0: Ball 3-0: Called Strike 3-1: Fly out, F9 (Flyball, 9D, EV 95.0 MPH)
|
|
Batting: LHB Tomas Espino
|
0-0: Ground out 3-1 (Groundball, 34, EV 87.5 MPH)
|
|
Batting: RHB Kevin Harris
|
0-0: Ball 1-0: Ball 2-0: Ball 3-0: Base on Balls
|
|
Batting: LHB Brian Wagner
|
0-0: Fielders Choice at 2nd, 6-4 (Groundball, 4M, EV 97.5 MPH)
|
| Top of the 6th over - 0 runs, 0 hits, 0 errors, 1 left on base; Elizabethton 1 - Detroit (APP) 1 |
| BOTTOM OF THE 6TH |
|
Detroit (APP) Tigers batting - Pitching for Elizabethton Twins : RHP Ruben Calderon
|
|
Batting: RHB Carlos Avila
|
0-0: Ground out 1-3 (Groundball, 13S, EV 67.5 MPH)
|
|
Batting: LHB Timotheus Young
|
0-0: Foul Ball, location: 2F 0-1: Foul Ball, location: 2F 0-2: Ball 1-2: Ball 2-2: Strikes out swinging
|
|
Batting: RHB Norm Wood
|
0-0: Fly out, F9 (Flyball, 9S, EV 79.4 MPH)
|
| Bottom of the 6th over - 0 runs, 0 hits, 0 errors, 0 left on base; Elizabethton 1 - Detroit (APP) 1 |
| TOP OF THE 7TH |
|
Elizabethton Twins batting - Pitching for Detroit (APP) Tigers : RHP Jared Barger
|
|
Batting: LHB Hector Olvera
|
0-0: Fly out, F8 (Flyball, 8LXD, EV 95.0 MPH)
|
|
Batting: RHB David McClellan
|
0-0: Called Strike 0-1: Swinging Strike 0-2: Ground out 6-3 (Groundball, 6, EV 106.9 MPH)
|
|
Batting: RHB Steve Terrell
|
0-0: Ball 1-0: Called Strike 1-1: Called Strike 1-2: Strikes out swinging
|
| Top of the 7th over - 0 runs, 0 hits, 0 errors, 0 left on base; Elizabethton 1 - Detroit (APP) 1 |
| BOTTOM OF THE 7TH |
|
Detroit (APP) Tigers batting - Pitching for Elizabethton Twins : RHP Ruben Calderon
|
|
Batting: LHB Afanasy Zasekin
|
0-0: Ball 1-0: Called Strike 1-1: SOLO HOME RUN (Flyball, 9D, EV 97.5 MPH), Distance : 369 ft
|
|
Batting: RHB German Quiroga
|
0-0: Called Strike 0-1: Ball 1-1: Ball 2-1: Ball 3-1: Foul Ball, location: 2F 3-2: Ground out 5-3 (Groundball, 56, EV 85.0 MPH)
|
|
Batting: RHB Kevin Steed
|
0-0: Called Strike 0-1: Foul Ball, location: 2F 0-2: Ball 1-2: Ball 2-2: Strikes out looking
|
|
Batting: RHB Juan Acero
|
0-0: Ball 1-0: Ball 2-0: Ball 3-0: Called Strike 3-1: Base on Balls
|
|
Batting: RHB Nate Dabney
|
0-0: Ball 1-0: 2-RUN HOME RUN (Flyball, 7D, EV 95.6 MPH), Distance : 380 ft
|
|
Batting: RHB Yasutaka Yamasaki
|
0-0: Ball 1-0: Ground out 6-3 (Groundball, 56, EV 89.4 MPH)
|
| Bottom of the 7th over - 3 runs, 2 hits, 0 errors, 0 left on base; Elizabethton 1 - Detroit (APP) 4 |
| TOP OF THE 8TH |
|
Elizabethton Twins batting - Pitching for Detroit (APP) Tigers : RHP Jared Barger
|
|
Batting: LHB Marvin Shepherd
|
0-0: Ball 1-0: Foul Ball, location: 2F 1-1: Ball 2-1: Foul Ball, location: 2F 2-2: Ball 3-2: Ground out 5-3 (Groundball, 5, EV 79.4 MPH)
|
|
Batting: RHB Ton van Dijk
|
0-0: Ball 1-0: Ball 2-0: Called Strike 2-1: Ball 3-1: Fly out, F7 (Line Drive, 78M, EV 99.4 MPH)
|
|
Batting: RHB Caleb Bockmann
|
0-0: Foul Ball, location: 2F 0-1: Called Strike 0-2: Ball 1-2: Ball 2-2: Foul Ball, location: 2F 2-2: Ground out 5-3 (Groundball, 56, EV 80.6 MPH)
|
| Top of the 8th over - 0 runs, 0 hits, 0 errors, 0 left on base; Elizabethton 1 - Detroit (APP) 4 |
| BOTTOM OF THE 8TH |
|
Detroit (APP) Tigers batting - Pitching for Elizabethton Twins : RHP Ruben Calderon
|
|
Batting: RHB Carlos Avila
|
0-0: Fly out, F9 (Flyball, 9LM, EV 81.9 MPH)
|
|
Batting: LHB Timotheus Young
|
0-0: SINGLE (Groundball, 6S, EV 69.4 MPH) (infield hit)
|
|
Batting: RHB Norm Wood
|
0-0: Ball Timotheus Young steals 2nd base (no throw) 1-0: Fly out, F7 (Line Drive, 7S, EV 93.8 MPH)
|
|
Batting: LHB Afanasy Zasekin
|
0-0: Foul Ball, location: 2F 0-1: Fly out, F9 (Line Drive, 9, EV 89.4 MPH)
|
| Bottom of the 8th over - 0 runs, 1 hit, 0 errors, 1 left on base; Elizabethton 1 - Detroit (APP) 4 |
| TOP OF THE 9TH |
|
Elizabethton Twins batting - Pitching for Detroit (APP) Tigers : RHP Jared Barger
|
|
Batting: LHB Tomas Espino
|
0-0: Ball 1-0: Foul Ball, location: 2F 1-1: Swinging Strike 1-2: Strikes out swinging
|
|
Batting: RHB Kevin Harris
|
0-0: Fly out, F8 (Flyball, 8LD, EV 101.2 MPH)
|
|
Batting: LHB Brian Wagner
|
0-0: Ball 1-0: Swinging Strike 1-1: Foul Ball, location: 2F 1-2: Foul Ball, location: 2F 1-2: Strikes out swinging
|
| Top of the 9th over - 0 runs, 0 hits, 0 errors, 0 left on base; Elizabethton 1 - Detroit (APP) 4 |
|